SL
ATLANTA SMOKE @ BUCKHEAD BOWTIES
06/18/2017
 
TOP OF THE 1ST
Capital District Red Knights batting - Pitching for Oakland Oaks : RHP Keith Blanton
Pitching: RHP Keith Blanton
Batting: RHB Chang-bum Pak 0-0: Ball
1-0: Ball
2-0: Ball
3-0: Base on Balls
Batting: RHB Bernardino Minotes 0-0: Ball
1-0: Called Strike
1-1: Ball
2-1: SINGLE (Groundball, 4M)
Chang-bum Pak to second
Batting: RHB Jian-zhang Phan 0-0: Ball
1-0: Foul Ball, location: 2F
1-1: Ball
2-1: Grounds into double play, 5-4-3 (Groundball, 56)
Chang-bum Pak to third
Batting: LHB Jeff Walsh 0-0: Ball
1-0: SINGLE (Groundball, 34D)
Chang-bum Pak scores
Batting: RHB Ricardo Romo 0-0: Ball
1-0: Ball
2-0: DOUBLE (Flyball, 78D)
Jeff Walsh to third
Runner from 3rd tries for Home, SAFE, no throw or cutoff
Batting: LHB Dave Knight 0-0: Called Strike
0-1: Foul Ball, location: 2F
0-2: Ground out 4-3 (Groundball, 4)
Top of the 1st over - 2 run(s), 3 hit(s), 0 error(s), 1 left on base; Capital District 2 - Oakland 0
BOTTOM OF THE 1ST
Oakland Oaks batting - Pitching for Capital District Red Knights : RHP Stan Grant
Pitching: RHP Stan Grant
Batting: RHB Francisco González 0-0: Called Strike
0-1: Ball
1-1: Ground out 6-3 (Groundball, 6)
Batting: LHB George Valentine 0-0: Ball
1-0: Ball
2-0: Ground out 3-1 (Groundball, 34)
Batting: LHB Andrés Ibarra 0-0: Ball
1-0: Called Strike
1-1: Called Strike
1-2: Foul Ball, location: 2F
1-2: Ball
2-2: Ball
3-2: Base on Balls
Batting: LHB Maxwell Ings 0-0: 2-RUN HOME RUN (Flyball, 9D), Distance : 387 ft
Batting: RHB Ken Thompson 0-0: Ball
1-0: Foul Ball, location: 2F
1-1: Ball
2-1: Ground out 5-3 (Groundball, 56)
Bottom of the 1st over - 2 run(s), 1 hit(s), 0 error(s), 0 left on base; Capital District 2 - Oakland 2
TOP OF THE 2ND
Capital District Red Knights batting - Pitching for Oakland Oaks : RHP Keith Blanton
Batting: RHB Raykom Mikeladze 0-0: Ball
1-0: SINGLE (Line Drive, 34D)
Batting: RHB Jean Pronk 0-0: Ball
1-0: Foul Ball, location: 2F
1-1: Ball
2-1: Ball
3-1: Swinging Strike
3-2: Base on Balls
Raykom Mikeladze to second
Batting: RHB Stan Grant 0-0: Bunted foul
0-1: Sac Bunt - play at first, batter OUT! 1-4
Raykom Mikeladze to third
Jean Pronk to second
Batting: RHB Chang-bum Pak 0-0: Ball
1-0: Foul Ball, location: 2F
1-1: Ball
2-1: Ground out 1-3 (Groundball, 15S)
Batting: RHB Bernardino Minotes 0-0: SINGLE (Line Drive, 56D)
Raykom Mikeladze scores
Jean Pronk to third
Runner from 3rd tries for Home, SAFE, no throw or cutoff
Batting: RHB Jian-zhang Phan 0-0: Called Strike
0-1: Ball
1-1: Ball
2-1: Swinging Strike
2-2: Ball
3-2: Foul Ball, location: 2F
3-2: Base on Balls
Bernardino Minotes to second
Batting: LHB Jeff Walsh 0-0: Ball
1-0: Ball
2-0: Called Strike
2-1: Ball
3-1: Foul Ball, location: 2F
3-2: Foul Ball, location: 2F
3-2: Foul Ball, location: 2F
3-2: SINGLE (Groundball, 6MD)
Bernardino Minotes to third
Jian-zhang Phan to second
Bernardino Minotes scores
Jian-zhang Phan to third
Pitching: RHP Boyd Craig
Batting: RHB Ricardo Romo 0-0: Ground out 1-3 (Groundball, 13S)
Top of the 2nd over - 3 run(s), 3 hit(s), 0 error(s), 2 left on base; Capital District 5 - Oakland 2
BOTTOM OF THE 2ND
Oakland Oaks batting - Pitching for Capital District Red Knights : RHP Stan Grant
Batting: SHB Ramiro Salazar 0-0: SINGLE (Groundball, 2R) (infield hit)
Batting: RHB Pedro Sánchez 0-0: SINGLE (Groundball, 56D) (infield hit)
Ramiro Salazar to second
Batting: SHB Eugene Parrish 0-0: Swinging Strike
0-1: Ball
1-1: Foul Ball, location: 2F
1-2: Grounds into double play, 4-6-3 (Groundball, 4)
Ramiro Salazar to third
Pinch Hitting: LHB Monte Pollard 0-0: Ball
1-0: SINGLE (Line Drive, 9S)
Ramiro Salazar scores
Batting: RHB Francisco González 0-0: Called Strike
0-1: Called Strike
Reached via error on a dropped throw, E3
Monte Pollard to second
Batting: LHB George Valentine 0-0: Ball
1-0: Ball
2-0: Called Strike
2-1: Ball
3-1: Base on Balls
Monte Pollard to third
Francisco González to second
Batting: LHB Andrés Ibarra 0-0: Called Strike
0-1: Ball
1-1: Ball
2-1: Swinging Strike
2-2: Ball
3-2: Foul Ball, location: 2F
3-2: Strikes out swinging
Bottom of the 2nd over - 1 run(s), 3 hit(s), 1 error(s), 3 left on base; Capital District 5 - Oakland 3
TOP OF THE 3RD
Capital District Red Knights batting - Pitching for Oakland Oaks : RHP Boyd Craig
Pitching: RHP Luis Hernández
Batting: LHB Dave Knight 0-0: Ball
1-0: Foul Ball, location: 2F
1-1: Swinging Strike
1-2: Ball
2-2: Strikes out looking
Batting: RHB Raykom Mikeladze 0-0: Ball
1-0: Called Strike
1-1: Called Strike
1-2: Ball
2-2: Ground out 6-3 (Groundball, 56)
Batting: RHB Jean Pronk 0-0: Ball
1-0: Called Strike
1-1: Ground out 4-3 (Groundball, 4M)
Top of the 3rd over - 0 run(s), 0 hit(s), 0 error(s), 0 left on base; Capital District 5 - Oakland 3
BOTTOM OF THE 3RD
Oakland Oaks batting - Pitching for Capital District Red Knights : RHP Stan Grant
Batting: LHB Maxwell Ings 0-0: Ball
1-0: Foul Ball, location: 2F
1-1: Fly out, F3 (Popup, 3)
Batting: RHB Ken Thompson 0-0: Foul Ball, location: 2F
0-1: Ball
1-1: Foul Ball, location: 2F
1-2: Ground out 5-3 (Groundball, 5)
Batting: SHB Ramiro Salazar 0-0: Ball
1-0: Fly out, F8 (Flyball, 8RXD)
Bottom of the 3rd over - 0 run(s), 0 hit(s), 0 error(s), 0 left on base; Capital District 5 - Oakland 3
TOP OF THE 4TH
Capital District Red Knights batting - Pitching for Oakland Oaks : RHP Luis Hernández
Batting: RHB Stan Grant 0-0: Ball
1-0: Ball
2-0: Ball
3-0: Base on Balls
Batting: RHB Chang-bum Pak 0-0: Fly out, F7 (Flyball, 78D)
Batting: RHB Bernardino Minotes 0-0: Ball
1-0: Foul Ball, location: 2F
1-1: Foul Ball, location: 2F
1-2: Foul Ball, location: 2F
1-2: Strikes out looking
Batting: RHB Jian-zhang Phan 0-0: Foul Ball, location: 2F
0-1: Ball
1-1: Fly out, F8 (Flyball, 8LXD)
Top of the 4th over - 0 run(s), 0 hit(s), 0 error(s), 1 left on base; Capital District 5 - Oakland 3
BOTTOM OF THE 4TH
Oakland Oaks batting - Pitching for Capital District Red Knights : RHP Stan Grant
Batting: RHB Pedro Sánchez 0-0: Ball
1-0: Fly out, F4 (Popup, 4MD)
Batting: SHB Eugene Parrish 0-0: SINGLE (Groundball, 5D)
Batting: RHB Luis Hernández 0-0: Bunted foul
0-1: Bunted foul
0-2: Ball
1-2: Ball
2-2: Strikes out swinging
Batting: RHB Francisco González 0-0: Swinging Strike
0-1: Ground out 4-3 (Groundball, 4)
Bottom of the 4th over - 0 run(s), 1 hit(s), 0 error(s), 1 left on base; Capital District 5 - Oakland 3
TOP OF THE 5TH
Capital District Red Knights batting - Pitching for Oakland Oaks : RHP Luis Hernández
Batting: LHB Jeff Walsh 0-0: Ball
1-0: Called Strike
1-1: Fly out, F7 (Flyball, 7LM)
Batting: RHB Ricardo Romo 0-0: Called Strike
0-1: Ball
1-1: Swinging Strike
1-2: Strikes out swinging
Batting: LHB Dave Knight 0-0: Called Strike
0-1: Called Strike
0-2: Ball
1-2: Ball
2-2: Ground out 4-3 (Groundball, 4M)
Top of the 5th over - 0 run(s), 0 hit(s), 0 error(s), 0 left on base; Capital District 5 - Oakland 3
BOTTOM OF THE 5TH
Oakland Oaks batting - Pitching for Capital District Red Knights : RHP Stan Grant
Batting: LHB George Valentine 0-0: Foul Ball, location: 2F
0-1: Swinging Strike
0-2: Strikes out swinging
Batting: LHB Andrés Ibarra 0-0: Fly out, F7 (Flyball, 78D)
Batting: LHB Maxwell Ings 0-0: Ball
1-0: Called Strike
1-1: Foul Ball, location: 2F
1-2: Foul Ball, location: 2F
1-2: Foul Ball, location: 2F
1-2: SINGLE (Groundball, 56D)
Batting: RHB Ken Thompson 0-0: Ball
1-0: Ball
2-0: Ball
3-0: Called Strike
3-1: Called Strike
3-2: Ground out 6-3 (Groundball, 56)
Bottom of the 5th over - 0 run(s), 1 hit(s), 0 error(s), 1 left on base; Capital District 5 - Oakland 3
TOP OF THE 6TH
Capital District Red Knights batting - Pitching for Oakland Oaks : RHP Luis Hernández
Batting: RHB Raykom Mikeladze 0-0: Foul Ball, location: 2F
0-1: Ball
1-1: Ball
2-1: Ball
3-1: Fly out, F7 (Flyball, 78M)
Batting: RHB Jean Pronk 0-0: SINGLE (Groundball, 34D)
Batting: RHB Stan Grant 0-0: Sac Bunt - play at first, batter OUT! 1-4
Jean Pronk to second
Batting: RHB Chang-bum Pak 0-0: Ball
1-0: Ball
2-0: Called Strike
2-1: SINGLE (Groundball, 56D)
Jean Pronk to third
Runner from 3rd tries for Home, SAFE, no throw or cutoff
Batting: RHB Bernardino Minotes 0-0: Ball
Chang-bum Pak steals 2nd base
1-0: Ground out 5-3 (Groundball, 5)
Top of the 6th over - 1 run(s), 2 hit(s), 0 error(s), 1 left on base; Capital District 6 - Oakland 3
BOTTOM OF THE 6TH
Oakland Oaks batting - Pitching for Capital District Red Knights : RHP Stan Grant
Batting: SHB Ramiro Salazar 0-0: Called Strike
0-1: Called Strike
0-2: Ground out 4-3 (Groundball, 4)
Batting: RHB Pedro Sánchez 0-0: Ball
1-0: Foul Ball, location: 2F
1-1: Foul Ball, location: 2F
1-2: Reached on error, E5 (Groundball, 5)
Batting: SHB Eugene Parrish 0-0: Foul Ball, location: 2F
0-1: Fly out, F8 (Flyball, 8RM)
Pinch Hitting: RHB Mark McBride 0-0: Fielders Choice at 2nd, 6-4 (Groundball, 6)
Bottom of the 6th over - 0 run(s), 0 hit(s), 1 error(s), 0 left on base; Capital District 6 - Oakland 3
TOP OF THE 7TH
Capital District Red Knights batting - Pitching for Oakland Oaks : RHP Luis Hernández
Pitching: RHP Rory Robinson
Batting: RHB Jian-zhang Phan 0-0: Ground out 5-3 (Groundball, 5S)
Batting: LHB Jeff Walsh 0-0: Swinging Strike
0-1: Ball
1-1: Foul Ball, location: 2F
1-2: SINGLE (Line Drive, 7S)
Batting: RHB Ricardo Romo 0-0: Swinging Strike
0-1: SINGLE (Line Drive, 6D)
Jeff Walsh to second
Batting: LHB Dave Knight 0-0: Called Strike
0-1: Ball
1-1: Called Strike
1-2: Strikes out looking
Batting: RHB Raykom Mikeladze 0-0: Called Strike
0-1: Ball
1-1: Foul Ball, location: 2F
1-2: Strikes out swinging
Top of the 7th over - 0 run(s), 2 hit(s), 0 error(s), 2 left on base; Capital District 6 - Oakland 3
BOTTOM OF THE 7TH
Oakland Oaks batting - Pitching for Capital District Red Knights : RHP Stan Grant
Batting: RHB Francisco González 0-0: Called Strike
0-1: Foul Ball, location: 2F
0-2: SINGLE (Groundball, 4MD) (infield hit)
Batting: LHB George Valentine 0-0: Ball
1-0: Ball
2-0: Called Strike
2-1: Ball
3-1: Base on Balls
Francisco González to second
Batting: LHB Andrés Ibarra 0-0: Foul Ball, location: 2F
0-1: Swinging Strike
0-2: Foul Ball, location: 2F
0-2: Ball
1-2: 3-RUN HOME RUN (Flyball, 9LD), Distance : 366 ft
Pitching: LHP Chad Price
Now in LF: Alfonso Martínez
Batting: LHB Maxwell Ings 0-0: Fly out, F7 (Line Drive, 78D)
Pitching: RHP José Huerta
Batting: RHB Ken Thompson 0-0: Ball
1-0: Ball
2-0: Ball
3-0: Called Strike
3-1: Base on Balls
Batting: SHB Ramiro Salazar 0-0: Ball
1-0: Foul Ball, location: 2F
1-1: Called Strike
1-2: Foul Ball, location: 2F
1-2: Fly out, F9 (Flyball, 89D)
Pitching: RHP Mike Salazar
Pinch Hitting: RHB Eric Murti 0-0: Ball
1-0: Ball
2-0: Ball
3-0: Called Strike
3-1: Ground out 1-3 (Groundball, 13)
Bottom of the 7th over - 3 run(s), 2 hit(s), 0 error(s), 1 left on base; Capital District 6 - Oakland 6
TOP OF THE 8TH
Capital District Red Knights batting - Pitching for Oakland Oaks : RHP Rory Robinson
Now at 3B: Vincente Bruno
Batting: RHB Jean Pronk 0-0: Ball
1-0: Foul Ball, location: 2F
1-1: Foul Ball, location: 2F
1-2: Strikes out looking
Batting: LHB Alfonso Martínez 0-0: Ball
1-0: Ball
2-0: Ball
3-0: Base on Balls
Batting: RHB Chang-bum Pak 0-0: Ball
1-0: Ball
2-0: Foul Ball, location: 2F
2-1: Ball
Alfonso Martínez steals 2nd base
3-1: Swinging Strike
3-2: Base on Balls
Batting: RHB Bernardino Minotes 0-0: Ball
Alfonso Martínez steals 3rd base
Chang-bum Pak to second
1-0: Swinging Strike
1-1: Ball
2-1: Ball
3-1: Ground out 6-3 (Groundball, 6M)
Alfonso Martínez scores
Chang-bum Pak to third
Batting: RHB Jian-zhang Phan 0-0: Ball
1-0: Foul Ball, location: 2F
1-1: Ball
2-1: Fly out, F8 (Flyball, 8LXD)
Top of the 8th over - 1 run(s), 0 hit(s), 0 error(s), 1 left on base; Capital District 7 - Oakland 6
BOTTOM OF THE 8TH
Oakland Oaks batting - Pitching for Capital District Red Knights : RHP Mike Salazar
Now at C: John Warner
Batting: SHB Eugene Parrish 0-0: SINGLE (Line Drive, 4D)
Pinch Hitting: RHB Jayson Parsons 0-0: Called Strike
0-1: Sac Bunt - play at first, batter OUT! 1-4
Eugene Parrish to second
Batting: RHB Francisco González 0-0: TRIPLE (Line Drive, 89XD)
Eugene Parrish scores
Batting: LHB George Valentine 0-0: Intentional Walk
Pitching: LHP Qing-nian Gong
Now in LF: Fred Riley
Batting: LHB Andrés Ibarra 0-0: Called Strike
0-1: Ball
1-1: Fly out, F8 (Line Drive, 8RXD)
Runner from 3rd tags up, SCORES, no throw
Pitching: RHP José López
Batting: LHB Maxwell Ings 0-0: Ball
1-0: Foul Ball, location: 2F
1-1: Foul Ball, location: 2F
1-2: Ball
2-2: Foul Ball, location: 2F
2-2: Strikes out swinging
Bottom of the 8th over - 2 run(s), 2 hit(s), 0 error(s), 1 left on base; Capital District 7 - Oakland 8
TOP OF THE 9TH
Capital District Red Knights batting - Pitching for Oakland Oaks : RHP Rory Robinson
Pitching: RHP Sean Brown
Now at C: Lindsay Scott
Batting: LHB Jeff Walsh 0-0: Ball
1-0: Ball
2-0: Ball
3-0: Called Strike
3-1: SINGLE (Line Drive, 89S)
Batting: RHB Ricardo Romo 0-0: Ball
1-0: Fly out, F4 (Popup, 4)
Batting: LHB Fred Riley 0-0: Called Strike
0-1: SINGLE (Groundball, 3L)
Jeff Walsh to second
Throwing error, E9
Jeff Walsh scores
Fred Riley to second
Batting: RHB Raykom Mikeladze 0-0: Foul Ball, location: 2F
0-1: Ball
1-1: Called Strike
1-2: Ball
2-2: SINGLE (Line Drive, 9S)
Fred Riley to third
Runner from 3rd tries for Home, SAFE, throw made home
Raykom Mikeladze to second
Pitching: RHP Cristián Fuentes
Batting: RHB Jean Pronk 0-0: Called Strike
0-1: SINGLE (Line Drive, 9LS)
Raykom Mikeladze to third
Runner from 3rd tries for Home, SAFE, no throw or cutoff
Batting: SHB José López 0-0: Ball
1-0: Sac Bunt - play at first, batter OUT! 2-4
Jean Pronk to second
Batting: RHB Chang-bum Pak 0-0: Swinging Strike
0-1: Ball
1-1: DOUBLE (Flyball, 7LM)
Jean Pronk scores
Batting: RHB Bernardino Minotes 0-0: Ball
1-0: Fly out, F8 (Flyball, 78M)
Top of the 9th over - 4 run(s), 5 hit(s), 1 error(s), 1 left on base; Capital District 11 - Oakland 8
BOTTOM OF THE 9TH
Oakland Oaks batting - Pitching for Capital District Red Knights : RHP José López
Pitching: RHP Melvin González
Batting: RHB Ken Thompson 0-0: Ball
1-0: Ball
2-0: Called Strike
2-1: Ball
3-1: Foul Ball, location: 2F
3-2: SINGLE (Groundball, 56D)
Batting: SHB Ramiro Salazar 0-0: Called Strike
0-1: Ball
1-1: Called Strike
1-2: Ball
2-2: Ball
3-2: DOUBLE (Groundball, 3L)
Ken Thompson to third
Batting: LHB Vincente Bruno 0-0: Called Strike
0-1: Swinging Strike
0-2: Ball
1-2: Strikes out swinging
Batting: SHB Eugene Parrish 0-0: Ball
1-0: Foul Ball, location: 2F
1-1: Foul Ball, location: 2F
1-2: Ball
2-2: Ground out 4-3 (Groundball, 4S)
Ken Thompson scores
Ramiro Salazar to third
Batting: RHB Cristián Fuentes 0-0: Ball
1-0: Ball
2-0: Fly out, F7 (Flyball, 78S)
Bottom of the 9th over - 1 run(s), 2 hit(s), 0 error(s), 1 left on base; Capital District 11 - Oakland 9
This league is powered by Out of the Park Baseball, the baseball management simulation game for PC, Mac and Linux
Saturday, February 27th, 2021 - OOTP Baseball 15.6 Build 34